 Dungeon Crawl Stone Soup version 0.26.1-11-gd32895ea62 (webtiles) character file.

Game seed: 14332258794585998634

951 dtburroughs the Chopper (level 7, -2/64 HPs)
             Began as a Minotaur Berserker on May 10, 2021.
             Was an Elder of Trog.
             Slain by a wyvern zombie (5 damage)
             ... on level 6 of the Dungeon.
             The game lasted 00:11:57 (7445 turns).

dtburroughs the Chopper (Minotaur Berserker)        Turns: 7445, Time: 00:11:58

Health: -2/64      AC:  8    Str: 21    XL:     7   Next: 90%
Magic:  6/6        EV: 13    Int:  6    God:    Trog [****..]
Gold:   374        SH:  0    Dex: 10    Spells: 6/6 levels left

rFire    . . .     SeeInvis .   G - +2 war axe (freeze)
rCold    . . .     Faith    .   (no shield)
rNeg     . . .     Spirit   .   k - +0 ring mail
rPois    .         Reflect  .   (helmet restricted)
rElec    .         Harm     .   B - +0 cloak
rCorr    .         Rampage  .   (no gloves)
Will     .....                  u - +0 pair of boots (curse)
Stlth    ..........             (no amulet)
HPRegen  0.20/turn              (no ring)
MPRegen  0.10/turn              (no ring)

@: no status effects
A: retaliatory headbutt, horns 2
a: Renounce Religion, Berserk, Trog's Hand, Brothers in Arms


You were on level 6 of the Dungeon.
You worshipped Trog.
Trog was greatly pleased with you.
You visited 1 branch of the dungeon, and saw 6 of its levels.
You also visited: Sewer.

You collected 374 gold pieces.

Inventory:

Hand Weapons
 a - a +0 hand axe
 y - a +2 quarterstaff of chaos
 G - a +2 war axe of freezing (weapon)
Armour
 k - a +0 ring mail (worn)
 o - a +1 scale mail of poison resistance
 u - a cursed +0 pair of boots (worn)
 B - a +0 cloak (worn)
 E - a scarf of shadows
Jewellery
 d - a +6 ring of strength {unknown}
 n - an uncursed ring of wizardry {unknown}
 q - an uncursed ring of willpower {unknown}
 x - an uncursed amulet of reflection {unknown}
 F - an uncursed ring of protection from fire {unknown}
Wands
 C - a wand of iceblast (17)
Scrolls
 c - 3 scrolls of teleportation {unknown}
 e - a scroll of enchant weapon {unknown}
 f - 5 scrolls of remove curse {unknown}
 h - a scroll of immolation {unknown}
 m - 2 scrolls of enchant armour {unknown}
 r - a scroll of blinking {unknown}
 t - a scroll of magic mapping {unknown}
 v - a scroll of fog {unknown}
 D - 5 scrolls of identify {unknown}
Potions
 b - 2 potions of might {unknown}
 g - a potion of cancellation {unknown}
 i - a potion of attraction {unknown}
 j - 2 potions of flight {unknown}
 l - 2 potions of magic {unknown}
 p - a potion of resistance {unknown}
 s - a potion of curing {unknown}
 w - 2 potions of brilliance {unknown}
 z - a potion of haste {unknown}
 A - 2 potions of heal wounds {unknown}


   Skills:
 + Level 6.4 Fighting
 + Level 6.4 Axes
 + Level 5.9 Armour
 + Level 5.2 Dodging
 + Level 1.0 Evocations


You had 6 spell levels left.
You didn't know any spells.
Your spell library was empty.

Dungeon Overview and Level Annotations

Branches:
Dungeon (6/15)             Temple (0/1) D:4           Sewer (visited)

Altars:
Cheibriados
Dithmenos
Kikubaaqudgha
Nemelex Xobeh
Qazlal
Trog
Uskayaw
Xom
Yredelemnul
Zin
The Shining One


Innate Abilities, Weirdness & Mutations

You reflexively headbutt those who attack you in melee.
You have a pair of horns on your head.


Message History

You slash the wyvern zombie! The wyvern zombie closely misses you.
The orc warrior misses you. The wyvern zombie bites you!
You closely miss the orc warrior. You barely miss the wyvern zombie.
The orc warrior hits you with a +0 glaive!
The wyvern zombie barely misses you.
You hit the orc warrior but do no damage.
You barely miss the centaur.
You hit the wyvern zombie but do no damage.
The centaur hits you. The wyvern zombie bites you!
The orc warrior hits you with a +0 glaive!
* * * LOW HITPOINT WARNING * * *
The centaur closely misses you.
The wyvern zombie bites you but does no damage.
You hit the orc warrior but do no damage.
You headbutt the orc warrior, but do no damage.
You barely miss the wyvern zombie. You barely miss the centaur.
The centaur hits you!
* * * LOW HITPOINT WARNING * * *
The wyvern zombie bites you.
You die...

.#.....:##
........#
........#
.......#
#####.....#
.........#
#.o.c.#..#
#@Z...#
##...$..$
.#..... ##
.?.. ###


You could see an orc warrior, a centaur and a wyvern zombie.

Vanquished Creatures
  A sky beast (D:3)
  An ice beast (D:5)
  A phantom (D:5)
  A howler monkey (D:4)
  3 jellies
  2 orc priests (D:4)
  Crazy Yiuf (D:3)
  3 orc wizards
  Jessica (D:3)
  3 worker ants (D:5)
  A worker ant zombie (D:5)
  8 adders
  4 river rats
  A shadow imp (D:5)
  An ufetubus (D:5)
  2 oozes
  An adder skeleton (D:4)
  4 worms
  3 dart slugs
  7 leopard geckos
  12 orcs
  3 ball pythons
  6 giant cockroaches
  7 goblins
  9 hobgoblins
  An iguana (D:4)
  7 jackals
  A quokka (D:5)
  3 bats (D:2)
  15 frilled lizards
  6 kobolds
  14 rats
133 creatures vanquished.

Notes
Turn   | Place    | Note
-------+----------+-------------------------------------------
     0 | D:1      | dtburroughs the Minotaur Berserker began the quest for the
                  | Orb.
     0 | D:1      | Reached XP level 1. HP: 19/19 MP: 0/0
   712 | D:1      | Reached XP level 2. HP: 6/27 MP: 1/1
  2061 | D:2      | Reached XP level 3. HP: 30/33 MP: 2/2
  2531 | D:2      | Reached ** piety under Trog
  2671 | D:2      | Reached XP level 4. HP: 41/41 MP: 3/3
  3057 | D:3      | Noticed an air elemental
  3061 | D:3      | Found a stormy altar of Qazlal.
  3081 | D:3      | Noticed a water elemental
  3086 | D:3      | Noticed a fire elemental
  3091 | D:3      | Noticed an earth elemental
  3211 | D:3      | Noticed a sky beast
  3232 | D:3      | Killed a sky beast
  3233 | D:3      | Reached XP level 5. HP: 9/47 MP: 4/4
  3728 | D:3      | Found a basalt altar of Yredelemnul.
  3730 | D:3      | Noticed a profane servitor
  3739 | D:3      | Found a glowing drain.
  3759 | Sewer    | Entered a sewer
  3771 | Sewer    | Reached skill level 5 in Axes
  3831 | Sewer    | Reached skill level 5 in Fighting
  3837 | Sewer    | Reached *** piety under Trog
  4328 | D:3      | Found a glowing golden altar of the Shining One.
  4328 | D:3      | Noticed Jessica
  4335 | D:3      | Killed Jessica
  4336 | D:3      | Reached XP level 6. HP: 56/56 MP: 5/5
  4336 | D:3      | Noticed an angel
  4376 | D:3      | Found a runed translucent door.
  4377 | D:3      | Noticed Crazy Yiuf
  4385 | D:3      | Killed Crazy Yiuf
  4606 | D:4      | Found a glowing silver altar of Zin.
  4981 | D:4      | Found a shimmering altar of Xom.
  5015 | D:4      | Reached skill level 5 in Armour
  5098 | D:4      | Reached XP level 7. HP: 55/62 MP: 6/6
  5228 | D:4      | Found a staircase to the Ecumenical Temple.
  5279 | D:4      | Found a bloodstained altar of Trog.
  5542 | D:4      | Found a shadowy altar of Dithmenos.
  5542 | D:4      | Found a sparkling altar of Nemelex Xobeh.
  5545 | D:4      | Found a hide-covered altar of Uskayaw.
  5801 | D:5      | Entered Level 5 of the Dungeon
  6674 | D:5      | Reached skill level 5 in Dodging
  6763 | D:5      | Found an ancient bone altar of Kikubaaqudgha.
  6838 | D:5      | Reached **** piety under Trog
  7139 | D:5      | Found a snail-covered altar of Cheibriados.
  7256 | D:5      | Reached skill level 1 in Evocations
  7445 | D:6      | HP: 3/64 [centaur (8)]
  7445 | D:6      | Slain by a wyvern zombie

Illustrated notes

Levels and vault maps discovered:
D:1:      dpeg_arrival_windows_large_door, layout_loops_corners
D:2:      layout_loops_ring, chequers_serial_rivers_large_b
D:3:      layout_rooms, nicolae_qazlal_style_of_elements,
          grunt_temple_overflow_holy_war, portal_sewer_entry_c,
          uniq_crazy_yiuf_cottage, uniq_jessica
D:4:      layout_basic, minitemple, nicolae_overflow_crystal_walls,
          lightli_temple_of_fire, minmay_temple_entry_poolview,
          dk_xom_monty_hall
D:5:      layout_basic, lemuel_coloured_pillars_altar, basic_altar
D:6:      layout_basic, kennysheep_okawaru_gauntlet, minmay_manual_moon

Skill      XL: |  1  2  3  4  5  6  7 |
---------------+----------------------+-----
Fighting       | 4 5 6 |  6.4
Axes           | 4 5 6 |  6.4
Armour         | 3 4 5 |  5.9
Dodging        | 3 4 5 |  5.2
Evocations     | 1 |  1.0

Action                   |  1- 3 |  4- 6 |  7- 9 || total
-------------------------+-------+-------+-------++-------
Melee: Hand axe          |    96 |   167 |    68 ||   331
       Headbutt          |    18 |    22 |    24 ||    64
       War axe           |       |       |    30 ||    30
Invok: Berserk           |       |     2 |       ||     2
 Stab: Sleeping          |     1 |       |       ||     1
Armor: Animal skin       |     4 |       |       ||     4
       Ring mail         |    15 |    47 |    27 ||    89
Dodge: Dodged            |    48 |    88 |    87 ||   223
